 Dungeon Crawl Stone Soup version 0.24.0-125-gc4c63601f3 (webtiles) character file.

Game seed: 10116272557217500106, levelgen mode: deterministic

185 M4edhros the Sneak (level 5, 0/33 HPs)
             Began as an Octopode Artificer on Mar 20, 2020.
             Slain by a crimson imp (3 damage)
             ... on level 5 of the Dungeon.
             The game lasted 00:04:36 (1461 turns).

M4edhros the Sneak (Octopode Artificer)             Turns: 1461, Time: 00:04:36

Health: 0/33       AC:  1    Str: 11      XL:     5   Next: 64%
Magic:  8/8        EV: 13    Int: 14      God:
Gold:   97         SH:  0    Dex:  7 (13) Spells: 4/4 levels left

rFire    . . .     SeeInvis .   a - +0 short sword
rCold    . . .     Gourm    .   (no shield)
rNeg     . . .     Faith    .   (helmet restricted)
rPois    .         Spirit   .   (no amulet)
rElec    .         Reflect  .   (no ring)
rCorr    .         Harm     .   (no ring)
MR       .....                  (no ring)
Stlth    ++++......             (no ring)
HPRegen  0.11/turn              (no ring)
MPRegen  0.11/turn              (no ring)
                                (no ring)
                                (no ring)

@: no status effects
A: almost no armour, stealthy swim, amphibious, 8 rings, constrict 8, camouflage
1, gelatinous body 1
a: no special abilities


You were on level 5 of the Dungeon.
You were not hungry.

You visited 1 branch of the dungeon, and saw 5 of its levels.

You collected 97 gold pieces.

Inventory:

Hand Weapons
 a - a +0 short sword (weapon)
 l - a +0 hunting sling
Missiles
 h - 8 javelins (quivered)
 k - 8 boomerangs
 n - 17 sling bullets
 o - 110 stones
Armour
 i - a +0 shield
 m - a +0 shield
Wands
 b - a wand of flame (10)
 c - a wand of enslavement (7)
 d - a wand of random effects (12)
Scrolls
 e - 4 scrolls of teleportation {unknown}
 g - a scroll of identify {unknown}
 q - a scroll of fear {unknown}
 s - a scroll of fog {unknown}
 t - a scroll of remove curse {unknown}
Potions
 j - a potion of might {unknown}
 p - 2 potions of heal wounds {unknown}
 r - 5 potions of curing {unknown}
 u - a potion of invisibility {unknown}
 v - a potion of mutation {unknown}
Comestibles
 f - 6 rations


   Skills:
 - Level 1.0 Fighting
 - Level 1.0 Short Blades
 - Level 2.0 Dodging
 * Level 6.4 Stealth
 + Level 4.6 Evocations


You had 4 spell levels left.
You didn't know any spells.
Your spell library was empty.

Dungeon Overview and Level Annotations

Branches:
Dungeon (5/15)
 Temple: D:4-7

Altars:
Dithmenos
Uskayaw


Innate Abilities, Weirdness & Mutations

You cannot wear most types of armour.
You are very stealthy in the water. (Stealth+)
You are amphibious.
You can wear up to eight rings at the same time.
You can use your tentacles to constrict eight enemies at once.
Your skin changes colour to match your surroundings (Stealth+).
Your rubbery body absorbs attacks. (AC +1, EV +1)


Message History

You barely miss the crimson imp.
The crimson imp is lightly wounded.
You constrict the crimson imp. The crimson imp hits you.
* * * LOW HITPOINT WARNING * * *
You hit the crimson imp but do no damage.
You squeeze the crimson imp.
The crimson imp is heavily wounded.
You constrict the crimson imp. The crimson imp hits you.
* * * LOW HITPOINT WARNING * * *
The crimson imp misses you.
You hit the crimson imp but do no damage.
The crimson imp is heavily wounded.
You constrict the crimson imp.
The crimson imp hits you but does no damage.
You hit the crimson imp. Your squeeze misses the crimson imp.
The crimson imp is almost dead.
You constrict the crimson imp.
The crimson imp sputters.
The crimson imp hits you.
You die...

.. ####.
....
####.####
#.......##
#.##.....#
#<###..#
#.###..#
#.@5...#
######.#
.# ##


You could see a crimson imp.

Vanquished Creatures
  A black bear (D:3)
  A quasit (D:3)
  A worker ant (D:4)
  An adder (D:4)
  3 giant cockroaches
  4 goblins
  4 hobgoblins
  2 quokkas
  A ball python (D:1)
  5 bats
  4 frilled lizards
  A kobold (D:3)
  2 rats
30 creatures vanquished.

Vanquished Creatures (collateral kills)
  A dart slug (D:3)
1 creature vanquished.

Grand Total: 31 creatures vanquished

Notes
Turn   | Place    | Note
-------+----------+-------------------------------------------
     0 | D:1      | M4edhros the Octopode Artificer began the quest for the
                  | Orb.
     0 | D:1      | Reached XP level 1. HP: 13/13 MP: 3/3
   133 | D:1      | Reached skill level 2 in Stealth
   259 | D:1      | Reached XP level 2. HP: 18/18 MP: 4/4
   567 | D:3      | Reached skill level 3 in Stealth
   602 | D:3      | Noticed a black bear
   613 | D:3      | Found a hide-covered altar of Uskayaw.
   615 | D:3      | Killed a black bear
   615 | D:3      | Reached skill level 5 in Stealth
   615 | D:3      | Reached XP level 3. HP: 23/23 MP: 4/6
   615 | D:3      | Reached XP level 4. HP: 28/28 MP: 4/7
   968 | D:3      | Reached XP level 5. HP: 22/33 MP: 8/8
  1028 | D:3      | Reached skill level 6 in Stealth
  1131 | D:4      | Found a shadowy altar of Dithmenos.
  1286 | D:5      | Entered Level 5 of the Dungeon
  1461 | D:5      | Slain by a crimson imp

Levels and vault maps discovered:
D:1:      erik_arrival_triangle_small, layout_rooms
D:2:      layout_loops_ring, gammafunk_temple_of_torment,
          ashenzari_conservatory_becter, minmay_fountain_box,
          uniq_crazy_yiuf_cottage, uniq_jessica
D:3:      layout_loops_corners, fedhas_altar_fruit_tree, lemuel_round_altar,
          first_ration
D:4:      layout_rooms, nicolae_dithmenos_shadow_blocks
D:5:      layout_basic, overflow_temple_1_default, minmay_temple_entry_mist

Skill      XL: |  1  2  3  4  5 |
---------------+----------------+-----
Stealth        | 2 5 6 |  6.4
Evocations     | 4 |  4.6
Fighting       | |  1.0
Short Blades   | |  1.0
Dodging        | |  2.0

Action                   |  1- 3 |  4- 6 || total
-------------------------+-------+-------++-------
Melee: Short sword       |    27 |    70 ||    97
       Constrict         |     8 |     9 ||    17
       Tentacles         |     3 |     6 ||     9
Evoke: Wand              |     1 |    15 ||    16
 Stab: Sleeping          |     5 |     4 ||     9
  Eat: Chunk             |       |     2 ||     2
Armor: Skin              |     2 |    10 ||    12
Dodge: Dodged            |    16 |    81 ||    97
